 Dungeon Crawl Stone Soup version 0.30-a0-381-g6ea064c7b4 (webtiles) character file.

Game seed: 9602149589975293879

97 qeuew the Chopper (level 4, 0/40 HPs)
             Began as a Hill Orc Fighter on Dec 1, 2022.
             Was an Initiate of Wu Jian.
             Slain by a black bear (4 damage)
             ... on level 4 of the Dungeon.
             The game lasted 00:02:52 (2501 turns).

qeuew the Chopper (Hill Orc Fighter)                Turns: 2501, Time: 00:02:52

Health: 0/40       AC:  7    Str: 22    XL:     4   Next: 68%
Magic:  4/4        EV:  9    Int:  7    God:    Wu Jian [......]
Gold:   144        SH:  4    Dex: 11    Spells: 3/3 levels left

rFire   . . .      SeeInvis .    a - +1 war axe
rCold   x . .      Faith    .    c - +0 buckler
rNeg    . . .      Spirit   .    b - +0 scale mail
rPois   .          Reflect  .    (no helmet)
rElec   .          Harm     .    (no cloak)
rCorr   .          Rampage  .    (no gloves)
Will    .....                    (no boots)
Stlth   ..........               (no amulet)
HPRegen 0.26/turn                (no ring)
MPRegen 0.09/turn                (no ring)

@: mighty
A: strong 1, wild magic 1, cold vulnerability 1
a: Renounce Religion


You were on level 4 of the Dungeon.
You worshipped Wu Jian.
Wu Jian was noncommittal.
You visited 1 branch of the dungeon, and saw 4 of its levels.

You collected 144 gold pieces.

Inventory:

Hand Weapons
 a - a +1 war axe (weapon)
Armour
 b - a +0 scale mail (worn)
 c - a +0 buckler (worn)
Scrolls
 g - a scroll of enchant weapon
 h - a scroll of fear
 i - a scroll of teleportation
 j - a scroll of summoning
Potions
 e - 2 potions of mutation
 f - a potion of heal wounds {unknown}
 k - a potion of haste


   Skills:
 + Level 4.1 Fighting
 * Level 4.3 Axes
 + Level 3.7 Armour
 + Level 1.2 Dodging
 + Level 3.7 Shields


You had 3 spell levels left.
You didn't know any spells.
Your spell library contained the following spells:

 Spells                   Type           Power      Damage    Failure   Level
 Magic Dart               Conj           0%         1d3       88%         1
 Call Imp                 Summ           0%         N/A       96%         2
 Mephitic Cloud           Conj/Pois/Air  0%         N/A       99%         3


Dungeon Overview and Level Annotations

Branches:
Dungeon (4/15)
 Temple: D:4-7

Altars:
Nemelex Xobeh
Wu Jian


Innate Abilities, Weirdness & Mutations

Your muscles are strong. (Str +4, Int/Dex -1)
Your spells are a little harder to cast, but a little more powerful.
You are vulnerable to cold. (rC-)


Message History

The black bear barely misses you.
You barely miss the black bear.
The black bear is lightly wounded.
The black bear bites you but does no damage.
The black bear claws you.
The black bear claws you but does no damage.
You hit the black bear but do no damage.
The black bear is lightly wounded.
You slash the ball python!
You kill the ball python!
The Council accepts your kill. The black bear bites you.
The black bear claws you but does no damage. x2
The black bear bites you!
* * * LOW HITPOINT WARNING * * *
The black bear closely misses you.
The black bear claws you but does no damage.
You hit the black bear.
The black bear is moderately wounded.
The black bear bites you.
* * * LOW HITPOINT WARNING * * *
The black bear claws you but does no damage.
The black bear claws you.
* * * LOW HITPOINT WARNING * * *
You feel better.
The black bear bites you but does no damage.
The black bear claws you.
* * * LOW HITPOINT WARNING * * *
The black bear claws you but does no damage.
You feel very mighty all of a sudden. The black bear bites you.
* * * LOW HITPOINT WARNING * * *
The black bear claws you but does no damage.
The black bear claws you.
* * * LOW HITPOINT WARNING * * *
Unknown command.
You closely miss the black bear.
The black bear is moderately wounded.
The black bear barely misses you. The black bear claws you.
You die...

#......##
#.......#
#.......##
#.....##.##
#....###..##
#....# ##..#
#...### ##.##
###.$...# #..##
#h@.....# ##..#
#...†......#
##.##
#.............#
#..##
..............#
##..##
..............#
##..#
...............#
#..#
.............###
##..
...........###
##. #.


You could see a black bear.

Vanquished Creatures
  2 adders (D:3)
  2 gnolls (D:4)
  2 worms
  An orc (D:3)
  An endoplasm (D:3)
  6 giant cockroaches
  2 goblins (D:1)
  5 hobgoblins
  2 jackals (D:3)
  6 quokkas
  5 ball pythons
  6 bats
  3 frilled lizards
  4 kobolds
  6 rats
53 creatures vanquished.

Notes
Turn   | Place    | Note
-------+----------+-------------------------------------------
     0 | D:1      | qeuew the Hill Orc Fighter began the quest for the Orb.
     0 | D:1      | Reached XP level 1. HP: 19/19 MP: 1/1
   221 | D:1      | Reached XP level 2. HP: 27/27 MP: 2/2
   714 | D:1      | Gained mutation: You are vulnerable to cold. (rC-) [potion
                  | of mutation]
   714 | D:1      | Gained mutation: Your spells are a little harder to cast,
                  | but a little more powerful. [potion of mutation]
   714 | D:1      | Gained mutation: Your muscles are strong. (Str +4, Int/Dex
                  | -1) [potion of mutation]
   754 | D:2      | Reached XP level 3. HP: 31/33 MP: 3/3
  1641 | D:3      | Reached skill level 1 in Dodging
  1715 | D:3      | Reached XP level 4. HP: 35/40 MP: 4/4
  1977 | D:3      | Found an ornate altar of the Wu Jian Council.
  1977 | D:3      | Found a sparkling altar of Nemelex Xobeh.
  2004 | D:3      | Became a worshipper of the Wu Jian Council
  2490 | D:4      | Noticed a black bear
  2501 | D:4      | Slain by a black bear

Illustrated notes

Levels and vault maps discovered:
D:1:      scummos_arrival_gate, layout_basic
D:2:      layout_basic
D:3:      layout_loops_ring, mainiacjoe_overflow_large_starburst,
          amethyst_killhole, st_stairs_14
D:4:      layout_cave_pods, chequers_serial_rivers_room_b, uniq_ijyb,
          uniq_edmund

Skill      XL: |  1  2  3  4 |
---------------+-------------+-----
Axes           | 3 4 |  4.3
Fighting       | 4 |  4.1
Dodging        | 1 |  1.2
Armour         | |  3.7
Shields        | |  3.7

Action                   |  1- 3 |  4- 6 || total
-------------------------+-------+-------++-------
Melee: War axe           |   117 |    34 ||   151
Invok: Lunge             |       |     1 ||     1
  Use: Scroll            |     7 |     3 ||    10
       Potion            |     1 |     3 ||     4
Armor: Scale mail        |    57 |    22 ||    79
Dodge: Dodged            |    64 |    13 ||    77
Block: Buckler           |    27 |     6 ||    33

Table legend: (Time is in decaauts)
 A = Elapsed time spent in this place.
 B = Non-inter-level travel time spent in this place.
 C = Inter-level travel time spent in this place.
 D = Time resting spent in this place.
 E = Time spent auto-exploring this place.
 F = Levels seen in this place.
 G = Mean time per level.
                   A        B        C        D        E       F      G
               +--------+--------+--------+--------+--------+-----+--------+
         Total |   2553 |   2441 |    112 |    100 |   1940 |   4 |  638.2 |
       Dungeon |   2553 |   2441 |    112 |    100 |   1940 |   4 |  638.2 |
               +--------+--------+--------+--------+--------+-----+--------+

Top non-repeatable levels by time:
     D:2: 896 daAuts
     D:1: 772 daAuts
     D:3: 770 daAuts
     D:4: 114 daAuts
